 Dungeon Crawl Stone Soup version 0.22.0-27-ga576289 (webtiles) character file.

11251 iamserjio the Grappler (level 11, 0/105 HPs)
             Began as a Troll Fighter on Aug 22, 2018.
             Was a Priest of Cheibriados.
             Hit by a large rock thrown by a cyclops (40 damage)
             ... on level 2 of the Orcish Mines.
             The game lasted 00:24:48 (2426 turns).

iamserjio the Grappler (Troll Fighter)              Turns: 2426, Time: 00:24:49

Health: 0/105      AC:  7    Str: 34    XL:     11   Next: 46%
Magic:  24/24      EV: 10    Int: 15    God:    Cheibriados [***...]
Gold:   726        SH: 12    Dex: 17    Spells: 10/10 levels left

rFire    + . .     SeeInvis .     - Unarmed
rCold    x . .     Gourm    +   b - +0 shield
rNeg     . . .     Faith    .   z - +0 troll leather armour
rPois    .         Spirit   .   (helmet restricted)
rElec    .         Reflect  .   (no cloak)
rCorr    .         Harm     .   (gloves unavailable)
MR       .....                  (boots unavailable)
Stlth    +.........             (no amulet)
HPRegen  1.07/turn              A - ring of fire
MPRegen  0.19/turn              D - ring of magical power

@: very slow
A: large, unfitting armour, claws 3, fast metabolism 3, gourmand, regeneration
1, shaggy fur 1, tough skin 2
a: Bend Time, Temporal Distortion, Renounce Religion


You were on level 2 of the Orcish Mines.
You worshipped Cheibriados.
Cheibriados was most pleased with you.
You were full.

You visited 3 branches of the dungeon, and saw 13 of its levels.

You collected 726 gold pieces.

Inventory:

Hand Weapons
 l - a +1 flail of protection
 t - a +2 whip of flaming
 x - the +1 hand axe "Gojukeux" {chop, +Fly rF- Str+2, unknown}
   (You found it on level 9 of the Dungeon)

   It inflicts extra damage upon your enemies.
   It affects your strength (+2).
   It makes you vulnerable to fire.
   It lets you fly.
Missiles
 c - 7 javelins of penetration (quivered)
 f - a throwing net {!f}
 s - 8 large rocks
Armour
 a - a +0 robe
 b - a +0 shield (worn)
 u - a +1 robe of magic resistance
 z - a +0 troll leather armour (worn)
 C - +0 steam dragon scales
Magical Staves
 g - an uncursed staff of conjuration {unknown}
Jewellery
 q - an uncursed ring of ice
 A - a ring of fire (left claw)
 D - a ring of magical power (right claw)
Wands
 j - a wand of flame (35)
 y - a wand of acid (2)
Scrolls
 h - a scroll of amnesia
 i - a scroll of blinking
 n - 2 scrolls of enchant armour
 o - a scroll of enchant weapon
 r - a scroll of identify {@r1}
 w - 2 scrolls of remove curse {@r2}
Potions
 e - 3 potions of curing {@q1}
 k - a potion of haste
 p - 2 potions of magic
 B - a potion of brilliance
Miscellaneous
 v - a phial of floods
Comestibles
 d - 11 rations


   Skills:
 + Level 6.0 Fighting
 - Level 2.4 Dodging
 + Level 7.9 Shields
 * Level 12.5 Unarmed Combat
 - Level 6.7 Invocations


You had 10 spell levels left.
You didn't know any spells.
Your spell library was empty.

Dungeon Overview and Level Annotations

Branches:
Dungeon (10/15)            Temple (1/1) D:5            Lair (0/6) D:10
    Orc (2/2) D:10            Elf (0/3) Orc:2

Altars:
Ashenzari
Cheibriados
Elyvilon
Fedhas
Gozag
Hepliaklqana
Kikubaaqudgha
Makhleb
Nemelex Xobeh
Okawaru
Qazlal
Ru
Sif Muna
Uskayaw
Vehumet
Xom
Yredelemnul
Zin
The Shining One

Annotations:
Orc:1 Josephine


Innate Abilities, Weirdness & Mutations

You are too large for most types of armour.
You have claws for hands.
Your metabolism is lightning-fast.
You like to eat raw meat.
Your natural rate of healing is unusually fast.
You are covered in fur. (AC +1)
You have very tough skin. (AC +2)


Message History

An ogre comes into view. It is wielding a giant spiked club.
Okay, then.
The ogre shouts!
You hear a shout! x2
An ogre comes into view. It is wielding a giant club.
The troll bites you. The troll claws you but does no damage.
The troll misses you.
Items here: )) [ † a whip; a falchion of protection; a leather armour; an orc corpse A troll comes into view.
The troll shouts!
You hear a shout! x2
The troll bites you. The troll claws you but does no damage.
The troll claws you!
A troll comes into view.
An orc comes into view.
An orc wizard comes into view. It is wielding a dagger.
You block the two-headed ogre's attack. x2; The troll bites you!
* * * LOW HITPOINT WARNING * * *
The troll misses you. The troll claws you!
* * * LOW HITPOINT WARNING * * *
The cyclops throws a large rock.
The large rock hits you!!!
You die...

###.###.#.#....#.#...
##..#...###......#..
##.......###.........
#..........#.........
##.......).)..>...#..
###....)#)##........
###.#.......#......
###)##.........#.....
###.OO@................
#....T#.............#..
#....o#..............#..
#....#..................
##..T...O.......#.# ...
....O##O#........ .
.....T #.#TC......
...oo.. ...T......
.....#O #.


You could see a two-headed ogre, a deep troll, a cyclops, 3 trolls, 2 ogres, an
orc wizard and 2 orcs.

Vanquished Creatures
  A centaur warrior (D:9)
  4 two-headed ogres
  Pikel (D:6)
  An orc knight (D:9)
  An orc sorcerer (D:9)
  Joseph (D:9)
  A gargoyle (D:9)
  A hornet (D:9)
  2 trolls (D:10)
  3 hippogriffs (D:9)
  A human (D:9)
  A yak (D:9)
  A vampire (D:9)
  3 hogs (D:9)
  A steam dragon (D:9)
  A hungry ghost (D:7)
  Edmund (D:4)
  Duvessa (D:5)
  13 orc warriors
  4 ice beasts
  3 sky beasts
  A phantom (D:8)
  A centaur (D:5)
  3 ogres
  Blork the orc (D:5)
  A gnoll sergeant (D:8)
  3 bullfrogs
  Dowan (D:5)
  2 scorpions
  2 howler monkeys
  2 crimson imps (D:9)
  3 hounds
  2 jellies
  6 orc priests
  3 bullfrog skeletons
  6 orc wizards
  A centaur skeleton (D:6)
  Ijyb (D:4)
  2 iguanas
  A worker ant (D:9)
  A howler monkey zombie (D:5)
  7 gnolls
  5 adders
  A shadow imp (D:9)
  An adder skeleton (D:5)
  2 worms (D:3)
  A leopard gecko (D:9)
  37 orcs
  3 giant cockroaches
  4 goblins
  6 hobgoblins
  3 kobolds
  3 bats
  A leopard gecko skeleton (D:5)
  5 rats
168 creatures vanquished.

Vanquished Creatures (others)
  A dart slug (D:2)
  A ball python (D:6)
2 creatures vanquished.

Grand Total: 170 creatures vanquished

Notes
Turn   | Place    | Note
-------+----------+-------------------------------------------
     0 | D:1      | iamserjio the Troll Fighter began the quest for the Orb.
     0 | D:1      | Reached XP level 1. HP: 22/22 MP: 0/0
    78 | D:2      | Reached XP level 2. HP: 23/29 MP: 1/1
    79 | D:2      | Reached skill level 3 in Unarmed Combat
   143 | D:2      | Reached XP level 3. HP: 36/36 MP: 2/2
   156 | D:2      | You fall through a shaft for 2 floors!
   189 | D:3      | Reached XP level 4. HP: 44/44 MP: 3/3
   208 | D:3      | Reached skill level 4 in Unarmed Combat
   288 | D:4      | Reached XP level 5. HP: 48/50 MP: 4/4
   316 | D:4      | Noticed Ijyb
   335 | D:4      | Killed Ijyb
   377 | D:5      | Entered Level 5 of the Dungeon
   377 | D:5      | Noticed Edmund
   392 | D:5      | Noticed an ice beast
   419 | D:4      | Killed Edmund
   419 | D:4      | Reached skill level 5 in Unarmed Combat
   419 | D:4      | Reached XP level 6. HP: 6/59 MP: 5/5
   429 | D:4      | Killed an ice beast
   453 | D:5      | Reached skill level 6 in Unarmed Combat
   576 | D:2      | Reached XP level 7. HP: 65/66 MP: 6/6
   716 | D:5      | Found a staircase to the Ecumenical Temple.
   733 | Temple   | Entered the Ecumenical Temple
   788 | Temple   | Became a worshipper of Cheibriados the Contemplative
   859 | D:5      | Noticed Blork the orc
   871 | D:5      | Killed Blork the orc
   883 | D:5      | Noticed Duvessa
   883 | D:5      | Noticed Dowan
   908 | D:5      | Killed Duvessa
   908 | D:5      | Reached skill level 7 in Unarmed Combat
   908 | D:5      | Reached skill level 1 in Invocations
   915 | D:5      | Killed Dowan
  1030 | D:6      | Noticed Pikel
  1042 | D:6      | Killed Pikel
  1042 | D:6      | Reached skill level 5 in Shields
  1042 | D:6      | Reached skill level 8 in Unarmed Combat
  1042 | D:6      | Reached XP level 8. HP: 31/74 MP: 7/9
  1168 | D:7      | Reached skill level 9 in Unarmed Combat
  1242 | D:8      | Reached XP level 9. HP: 69/80 MP: 10/10
  1255 | D:8      | Reached * piety under Cheibriados
  1297 | D:9      | Noticed an orc knight
  1297 | D:9      | Noticed an orc sorcerer
  1309 | D:9      | Noticed a sixfirhy
  1313 | D:9      | Killed an orc knight
  1317 | D:9      | Killed an orc sorcerer
  1317 | D:9      | Reached skill level 10 in Unarmed Combat
  1347 | D:9      | Got a faintly glowing hand axe
  1379 | D:9      | Found a radiant altar of Vehumet.
  1397 | D:9      | Found an opulent altar of Gozag.
  1397 | D:9      | Found an iron altar of Okawaru.
  1410 | D:9      | Reached skill level 5 in Invocations
  1414 | D:9      | Reached XP level 10. HP: 34/92 MP: 12/12
  1522 | D:9      | Noticed Joseph
  1537 | D:9      | Killed Joseph
  1538 | D:9      | Noticed a two-headed ogre
  1542 | D:9      | Killed a two-headed ogre
  1542 | D:9      | Reached skill level 11 in Unarmed Combat
  1562 | D:9      | Noticed a gargoyle
  1562 | D:9      | Noticed a centaur warrior
  1572 | D:9      | Killed a gargoyle
  1572 | D:9      | Reached ** piety under Cheibriados
  1577 | D:9      | Killed a centaur warrior
  1577 | D:9      | Reached skill level 5 in Fighting
  1609 | D:9      | Noticed a two-headed ogre
  1617 | D:9      | Killed a two-headed ogre
  1668 | D:9      | Noticed a two-headed ogre
  1677 | D:9      | Killed a two-headed ogre
  1677 | D:9      | Reached XP level 11. HP: 53/104 MP: 14/14
  1816 | D:10     | Entered Level 10 of the Dungeon
  1875 | D:10     | Found a staircase to the Orcish Mines.
  1882 | D:10     | Reached skill level 12 in Unarmed Combat
  1997 | Orc:1    | Entered Level 1 of the Orcish Mines
  1997 | Orc:1    | Noticed an orc warlord
  2074 | D:10     | Reached *** piety under Cheibriados
  2260 | Orc:2    | Entered Level 2 of the Orcish Mines
  2302 | Orc:1    | Noticed Josephine
  2338 | Orc:2    | Found a staircase to the Elven Halls.
  2418 | Orc:2    | Noticed a two-headed ogre
  2420 | Orc:2    | Noticed a two-headed ogre
  2421 | Orc:2    | Noticed a deep troll
  2422 | Orc:2    | Noticed a two-headed ogre
  2424 | Orc:2    | Killed a two-headed ogre
  2426 | Orc:2    | Hit by a large rock thrown by a cyclops

Skill      XL: |  1  2  3  4  5  6  7  8  9 10 11 |
---------------+----------------------------------+-----
Unarmed Combat | 3 4 5 6 8 9 10 11 12 | 12.5
Shields        | 3 4 5 6 7 |  7.9
Invocations    | 2 3 5 6 |  6.7
Fighting       | 4 5 6 |  6.0
Dodging        | |  2.4

Action                   |  1- 3 |  4- 6 |  7- 9 | 10-12 || total
-------------------------+-------+-------+-------+-------++-------
Melee: Unarmed           |    39 |    78 |   233 |   240 ||   590
Invok: Temporal Distorti |       |       |       |     2 ||     2
Evoke: Wand              |       |    14 |     3 |     5 ||    22
  Use: Potion            |     1 |     2 |     5 |     3 ||    11
       Scroll            |       |       |     5 |     6 ||    11
 Stab: Sleeping          |     1 |       |       |       ||     1
  Eat: Chunk             |       |     7 |    13 |    10 ||    30
Armor: Robe              |    14 |    23 |    56 |     8 ||   101
       Skin              |       |       |     9 |    23 ||    32
       Troll leather arm |       |       |       |    12 ||    12
       Steam dragon scal |       |       |       |    10 ||    10
Dodge: Dodged            |     9 |    20 |    55 |    62 ||   146
Block: Shield            |    14 |    28 |   107 |   136 ||   285
